 Dungeon Crawl Stone Soup version 0.26.1-10-gdfb7c7de75 (webtiles) character file.

Game seed: 16379140698825448318

288 Almogavar the Gusty (level 6, 0/66 HPs)
             Began as a Gnoll Wanderer on Apr 1, 2021.
             Slain by a sky beast (3 damage)
             ... on level 3 of the Dungeon.
             The game lasted 00:17:01 (5785 turns).

Almogavar the Gusty (Gnoll Wanderer)                Turns: 5785, Time: 00:17:01

Health: 0/66       AC: 23    Str: 14    XL:     6   Next: 31%
Magic:  14/14      EV:  2    Int: 14    God:
Gold:   216        SH:  0    Dex: 17    Spells: 14/15 levels left

rFire    + . .     SeeInvis .   t - +0 whip (elec)
rCold    . . .     Faith    .   (no shield)
rNeg     + + +     Spirit   .   (armour currently unavailable)
rPois    +         Reflect  .   (helmet currently unavailable)
rElec    .         Harm     .   (cloak currently unavailable)
rCorr    .         Rampage  .   (gloves currently unavailable)
Will     .....     NoTele   +   (boots currently unavailable)
Stlth    ++........             (no amulet)
HPRegen  0.21/turn              c - ring of protection from fire
MPRegen  0.14/turn              (no ring)

@: tree-form
A: distributed training, strong nose
a: no special abilities


You were on level 3 of the Dungeon.
You were a tree.
You visited 1 branch of the dungeon, and saw 4 of its levels.

You collected 216 gold pieces.

Inventory:

Hand Weapons
 a - a +3 dagger
 t - a +0 whip of electrocution (weapon)
Missiles
 b - 10 poisoned darts (quivered)
 l - 2 curare-tipped darts
 q - 22 bolts
Armour
 p - a scarf of shadows (melded)
 r - a +1 robe of willpower (melded)
Jewellery
 c - a ring of protection from fire (left branch)
Scrolls
 f - a scroll of amnesia
 g - a scroll of fear
 h - 2 scrolls of teleportation
 i - 2 scrolls of remove curse
 n - 3 scrolls of enchant armour {unknown}
Potions
 d - a potion of curing
 e - 2 potions of lignification
 j - 2 potions of haste {unknown}
 k - a potion of attraction {unknown}
 m - a potion of might {unknown}
 o - a potion of flight {unknown}
 s - a potion of degeneration {unknown}


   Skills:
 + Level 1.9 Fighting
 + Level 1.9 Short Blades
 + Level 1.9 Long Blades
 + Level 1.9 Axes
 + Level 1.9 Maces & Flails
 + Level 1.9 Polearms
 + Level 1.9 Staves
 + Level 1.9 Slings
 + Level 1.9 Bows
 + Level 4.9 Crossbows
 + Level 4.9 Throwing
 + Level 3.2 Armour
 + Level 1.9 Dodging
 + Level 1.9 Stealth
 + Level 1.9 Shields
 + Level 1.9 Unarmed Combat
 + Level 5.3 Spellcasting
 + Level 1.5 Conjurations
 + Level 1.5 Hexes
 + Level 1.5 Summonings
 + Level 1.5 Necromancy
 + Level 1.5 Translocations
 + Level 1.5 Transmutations
 + Level 1.5 Fire Magic
 + Level 1.5 Ice Magic
 + Level 5.6 Air Magic
 + Level 1.5 Earth Magic
 + Level 1.5 Poison Magic
 + Level 2.1 Invocations
 + Level 1.9 Evocations


You had 14 spell levels left.
You knew the following spells:

 Your Spells              Type           Power        Failure   Level
a - Foxfire               Conj/Fire      28%          9%          1

Your spell library contained the following spells:

 Spells                   Type           Power        Failure   Level
 Inner Flame              Hex/Fire       7%           26%         3


Dungeon Overview and Level Annotations

Branches:
Dungeon (4/15)
 Temple: D:4-7

Altars:


Innate Abilities, Weirdness & Mutations

Your experience applies equally to all skills.
((You have very sharp teeth.))
Your uncanny sense of smell can sniff out nearby items.


Message History

The sky beast is heavily wounded.
The sky beast hits you but does no damage.
You hit the sky beast.
The sky beast is heavily wounded.
The sky beast hits you but does no damage.
You barely miss the sky beast.
The sky beast is heavily wounded.
The sky beast hits you but does no damage.
You hit the sky beast.
The sky beast is heavily wounded.
The sky beast hits you.
* * * LOW HITPOINT WARNING * * *
The sky beast shocks you.
* * * LOW HITPOINT WARNING * * *
You hit the sky beast.
The sky beast is severely wounded.
The sky beast flickers out of sight!
Deactivating autopickup; reactivate with Ctrl-A.
Something hits you.
You die...

.......# #.# #....#.#
.##....# #.# #....#.#
.##....####.####....#.#
.#####......#.......#.#
.# ########.......#.#
.# #.........# .#
#......#..# .#
#########..# ######
'### #....♣{...>#
#....# ...#
#.########## #....#
...# #.# ######....#
...#
#.########.........#
...#
#..)....##.........#
.###
#.....÷.......)....#
.#########
##......##.........#
.........#
#########.........#
########.# #.....#####


There were no monsters in sight!

Vanquished Creatures
  A howler monkey (D:4)
  A centaur skeleton (D:4)
  2 orc wizards (D:4)
  4 adders
  An ooze (D:1)
  An adder skeleton (D:4)
  6 worms
  3 dart slugs
  A leopard gecko (D:4)
  3 orcs
  7 bats
  3 giant cockroaches
  13 goblins
  11 hobgoblins
  11 jackals
  9 kobolds
  2 ball pythons (D:2)
  4 frilled lizards
  2 leopard gecko skeletons (D:4)
  A quokka skeleton (D:4)
  8 rats
94 creatures vanquished.

Vanquished Creatures (others)
  4 plants (D:3)
4 creatures vanquished.

Grand Total: 98 creatures vanquished

Notes
Turn   | Place    | Note
-------+----------+-------------------------------------------
     0 | D:1      | Almogavar the Gnoll Wanderer began the quest for the Orb.
     0 | D:1      | Almogavar set off with the following items: a +2 dagger, a
                  | curare-tipped dart, a potion of curing, a +0 robe; and the
                  | following spell memorised: Foxfire; and the following
                  | spells available to memorise: Inner Flame
     0 | D:1      | Reached XP level 1. HP: 13/13 MP: 6/6
   231 | D:1      | Reached XP level 2. HP: 19/19 MP: 7/7
   796 | D:1      | Reached XP level 3. HP: 25/25 MP: 9/9
   931 | D:1      | Reached skill level 5 in Spellcasting
  1366 | D:2      | Reached skill level 1 in Invocations
  1756 | D:2      | Reached skill level 1 in Fighting
  1756 | D:2      | Reached skill level 1 in Short Blades
  1756 | D:2      | Reached skill level 1 in Long Blades
  1756 | D:2      | Reached skill level 1 in Axes
  1756 | D:2      | Reached skill level 1 in Maces & Flails
  1756 | D:2      | Reached skill level 1 in Polearms
  1756 | D:2      | Reached skill level 1 in Staves
  1756 | D:2      | Reached skill level 1 in Slings
  1756 | D:2      | Reached skill level 1 in Bows
  1756 | D:2      | Reached skill level 1 in Dodging
  1756 | D:2      | Reached skill level 1 in Stealth
  1756 | D:2      | Reached skill level 1 in Shields
  1756 | D:2      | Reached skill level 1 in Unarmed Combat
  1756 | D:2      | Reached skill level 1 in Evocations
  2032 | D:2      | Reached XP level 4. HP: 27/32 MP: 11/11
  2810 | D:3      | Reached skill level 1 in Conjurations
  2810 | D:3      | Reached skill level 1 in Hexes
  2810 | D:3      | Reached skill level 1 in Summonings
  2810 | D:3      | Reached skill level 1 in Necromancy
  2810 | D:3      | Reached skill level 1 in Translocations
  2810 | D:3      | Reached skill level 1 in Transmutations
  2810 | D:3      | Reached skill level 1 in Fire Magic
  2810 | D:3      | Reached skill level 1 in Ice Magic
  2810 | D:3      | Reached skill level 1 in Earth Magic
  2810 | D:3      | Reached skill level 1 in Poison Magic
  3656 | D:3      | Reached XP level 5. HP: 28/37 MP: 12/12
  5118 | D:4      | Reached XP level 6. HP: 41/44 MP: 13/13
  5716 | D:4      | Noticed a sky beast
  5784 | D:3      | HP: 2/66 [sky beast (6)]
  5785 | D:3      | Slain by a sky beast

Illustrated notes

Levels and vault maps discovered:
D:1:      psy_arrival_radial01, layout_basic
D:2:      layout_loops_ring, minmay_goblin_kobold_house
D:3:      cheibrodos_old_hovel, layout_basic
D:4:      minmay_skewed_foursquare, layout_layer_cave, lemuel_doored_altar,
          st_stairs_4

Skill      XL: |  1  2  3  4  5  6 |
---------------+-------------------+-----
Spellcasting   | 5 |  5.3
Invocations    | 1 2 |  2.1
Fighting       | 1 |  1.9
Short Blades   | 1 |  1.9
Long Blades    | 1 |  1.9
Axes           | 1 |  1.9
Maces & Flails | 1 |  1.9
Polearms       | 1 |  1.9
Staves         | 1 |  1.9
Slings         | 1 |  1.9
Bows           | 1 |  1.9
Dodging        | 1 |  1.9
Stealth        | 1 |  1.9
Shields        | 1 |  1.9
Unarmed Combat | 1 |  1.9
Evocations     | 1 |  1.9
Conjurations   | 1 |  1.5
Hexes          | 1 |  1.5
Summonings     | 1 |  1.5
Necromancy     | 1 |  1.5
Translocations | 1 |  1.5
Transmutations | 1 |  1.5
Fire Magic     | 1 |  1.5
Ice Magic      | 1 |  1.5
Earth Magic    | 1 |  1.5
Poison Magic   | 1 |  1.5
Armour         | 3 |  3.2
Crossbows      | |  4.9
Throwing       | |  4.9
Air Magic      | |  5.6

Action                   |  1- 3 |  4- 6 || total
-------------------------+-------+-------++-------
Melee: Dagger            |   103 |   131 ||   234
       Bite              |    14 |    37 ||    51
       Punch             |       |     2 ||     2
       Whip              |       |    78 ||    78
Throw: Dart              |    35 |    53 ||    88
  Use: Scroll            |     3 |     3 ||     6
       Potion            |       |     5 ||     5
 Stab: Sleeping          |     1 |       ||     1
Armor: Robe              |    21 |     6 ||    27
       Ring mail         |       |    21 ||    21
       Leather armour    |       |     8 ||     8
       Skin              |       |    17 ||    17
Dodge: Dodged            |    61 |    97 ||   158
